 Dungeon Crawl Stone Soup version 0.29-a0-284-gf9362112df (webtiles) character file.

Game seed: 11429382128639737831

11 spaghetti the Skirmisher (level 2, 24/24 HPs)
             Began as a Demonspawn Fighter on Mar 25, 2022.
             Quit the game on level 1 of the Dungeon.
             The game lasted 00:00:23 (213 turns).

spaghetti the Skirmisher (Demonspawn Fighter)        Turns: 213, Time: 00:00:24

Health: 24/24      AC: 11    Str: 16    XL:     2   Next: 13%
Magic:  2/2        EV:  8    Int:  9    God:
Gold:   0          SH:  4    Dex: 12    Spells: 1/1 levels left

rFire   . . .      SeeInvis .   a - +0 flail {mace}
rCold   . . .      Faith    .   c - +0 buckler
rNeg    . . .      Spirit   .   b - +0 scale mail
rPois   .          Reflect  .   (no helmet)
rElec   .          Harm     .   (no cloak)
rCorr   .          Rampage  .   (no gloves)
Will    .....                   g - +2 pair of boots
Stlth   ..........              (no amulet)
HPRegen 0.08/turn               (no ring)
MPRegen 0.08/turn               (no ring)

@: no status effects
A: icy blue scales 1
a: no special abilities


You were on level 1 of the Dungeon.
You visited 1 branch of the dungeon, and saw 1 of its levels.


Innate Abilities, Weirdness & Mutations

You are partially covered in icy blue scales. (AC +2)


   Skills:
 - Level 3.0 Fighting
 + Level 2.6 Maces & Flails
 - Level 2.6 Armour
 - Level 2.6 Shields


You had one spell level left.
You didn't know any spells.
Your spell library contained the following spells:

 Spells                   Type           Power      Damage    Failure   Level
 Animate Skeleton         Necr           0%         N/A       89%         1
 Pain                     Necr           0%         1d4       89%         1
 Vampiric Draining        Necr           0%         2d6       99%         3

Inventory:

Hand Weapons
 a - a +0 flail (weapon) {mace}
Missiles
 f - 10 stones (quivered) {throwing}
Armour
 b - a +0 scale mail (worn)
 c - a +0 buckler (worn)
 g - a +2 pair of boots (worn)
   (You found it on level 1 of the Dungeon)
Scrolls
 e - a scroll of teleportation {unknown}
Potions
 d - a potion of might

Dungeon Overview and Level Annotations

Branches:
Dungeon (1/15)

Altars:

#......#........###.#........#
#...#..#.######## #.#...#.##.#
#.#.#..#...# #.#........#
#.#....###.##### #.#.#.#.##.#
..##...###.#.... #...#.#.#
...........#.... #####.#.#
###.#.######....#######.#.#
#.#>.....+..........?.#..
#...######....@..†....###
#...# #............# #...#
#.!..........# #...#
#............# +...#
#............# #...#
####.........# (.........#
...........#


There were no monsters in sight!


Message History

No target in view!
You see here a rat corpse.
You see here a +0 chain mail.
Found a stone staircase leading down.
f - 10 stones {throwing} Key pressed, stopping explore.
You pick up a book of Necromancy and begin reading...
You add the spells Pain, Animate Skeleton and Vampiric Draining to your library.
No target in view!
No target in view!
An endoplasm comes into view.
An endoplasm is nearby!
An endoplasm is nearby!
The endoplasm hits you but does no damage.
You hit the endoplasm but do no damage. The endoplasm freezes you.
You are frozen.
You sock the endoplasm!
You kill the endoplasm!
No target in view! 😕 HP[-1]
You take 1 damage, and now have 17/18 hp.
No target in view!
No target in view!
No target in view!
No target in view!
No target in view!
No target in view!
No target in view!
No target in view!
No target in view!
No target in view!
Found an escape hatch in the floor. 😎 HP[+1]
Your hp is fully restored (18).
A bat comes into view.
The bat hits you. 😕 HP[-1]
You take 1 damage, and now have 17/18 hp.
You hit the bat. The bat hits you but does no damage. x2
The bat completely misses you.
You closely miss the bat. The bat hits you but does no damage.
You closely miss the bat. The bat closely misses you.
The bat barely misses you.
You hit the bat. You block the bat's attack.
You hit the bat.
You kill the bat!
You have reached level 2!
Your demonic ancestry asserts itself...
Icy blue scales grow over part of your body.
No target in view!
No target in view! 😕 HP[+6] MP[+1]
You now have 24 max hp (+6).
You regained 6 hp, and now have 23/24 hp.
Your mp is fully restored (2).
A quokka comes into view.
You see here a scroll labelled CUEPHO YPNISIY.
A ball python comes into view.
The ball python hisses angrily.
You barely miss the quokka.
The quokka bites you but does no damage.
The quokka completely misses you. 😎 HP[+1]
Your hp is fully restored (24).
You sock the quokka!
You kill the quokka!
The ball python closely misses you. The ball python grabs you.
The ball python constricts you. 😕 HP[-1]
You take 1 damage, and now have 23/24 hp.
You closely miss the ball python. You block the ball python's attack.
The ball python constricts you.
You closely miss the ball python.
The ball python bites you but does no damage.
The ball python constricts you.
The ball python bites you but does no damage.
The ball python constricts you.
You escape the ball python's grasp.
You block the ball python's attack. x2; The ball python barely misses you. x2
You closely miss the ball python. You block the ball python's attack.
The ball python closely misses you.
You sock the ball python!
You kill the ball python!
You see here a ball python corpse.
You see here a +2 pair of boots. 😎 HP[+1]
Your hp is fully restored (24).
g - a +2 pair of boots You start putting on your armour.
You continue putting on your +2 pair of boots. x4
You finish putting on your +2 pair of boots. 🤖 Initializing magus.rc ...
Options error: Delay interrupt name "hungry" not recognised. (~/.crawlrc:4761) Options error: Bad monster_list_colour key: strict_neutral (~/.crawlrc:4776) ✅ Successfully initialized magus.rc [v1.9.6] Welcome back, spaghetti the Demonspawn Fighter.
Press ? for a list of commands and other information.
Are you sure you want to abandon this character and quit the game? (Confirm with "yes".)

Skill      XL: |  1 |
---------------+----+-----
Maces & Flails | 2 |  2.6
Fighting       | |  3.0
Armour         | |  2.6
Shields        | |  2.6

Action                   || total
-------------------------++-------
Melee: Flail             ||    20
Armor: Scale mail        ||    11
Dodge: Dodged            ||    10
Block: Buckler           ||     5

Levels and vault maps discovered:
D:1:      minmay_arrival_three_doors, layout_basic

Notes
Turn   | Place    | Note
-------+----------+-------------------------------------------
     0 | D:1      | spaghetti the Demonspawn Fighter began the quest for the
                  | Orb.
     0 | D:1      | Reached XP level 1. HP: 18/18 MP: 1/1
     0 | D:1      | magus.rc [v1.9.6]
    41 | D:1      | Reached skill level 2 in Maces & Flails
   157 | D:1      | You pick up a book of Necromancy and begin reading...
   157 | D:1      | You add the spells Pain, Animate Skeleton and Vampiric
                  | Draining to your library.
   192 | D:1      | Gained mutation: You are partially covered in icy blue
                  | scales. (AC +2) [demonic ancestry]
   192 | D:1      | Reached XP level 2. HP: 23/24 MP: 2/2
   213 | D:1      | magus.rc [v1.9.6]
   213 | D:1      | Quit the game

Vanquished Creatures
  A dart slug (D:1)
  A bat (D:1)
  An endoplasm (D:1)
  A goblin (D:1)
  A kobold (D:1)
  A quokka (D:1)
  A ball python (D:1)
  A rat (D:1)
8 creatures vanquished.

Table legend:
 A = Non-vault XP
 B = Vault XP
 C = Vault XP percentage of total XP
 D = Non-vault monster count
 E = Vault monster count
 F = Vault count percentage of total count
                 A         B        C        D         E       F
            +---------+---------+-------+---------+---------+-------
      Total |      16 |       0 |   0.0 |       8 |       0 |   0.0
            +---------+---------+-------+---------+---------+-------
        D:1 |      16 |       0 |   0.0 |       8 |       0 |   0.0
            +---------+---------+-------+---------+---------+-------

Illustrated notes

Table legend:
 A = Kills in this place as a percentage of kills in entire the game.
 B = Kills by you in this place as a percentage of kills by you in the entire game.
 C = Kills by friends in this place as a percentage of kills by friends in the entire game.
 D = Other kills in this place as a percentage of other kills in the entire game.
 E = Experience gained in this place as a percentage of experience gained in the entire game.
 F = Experience gained in this place divided by the number of levels of this place that you have seen.
                   A       B       C       D       E      F
               +-------+-------+-------+-------+-------+----------------------
         Total | 100.0 | 100.0 |   N/A |   N/A | 100.0 |  16.0
       Dungeon | 100.0 | 100.0 |   N/A |   N/A | 100.0 |  16.0
               +-------+-------+-------+-------+-------+----------------------

Table legend: (Time is in decaauts)
 A = Elapsed time spent in this place.
 B = Non-inter-level travel time spent in this place.
 C = Inter-level travel time spent in this place.
 D = Time resting spent in this place.
 E = Time spent auto-exploring this place.
 F = Levels seen in this place.
 G = Mean time per level.
                   A        B        C        D        E       F      G
               +--------+--------+--------+--------+--------+-----+--------+
         Total |    219 |    219 |      0 |      0 |    156 |   1 |  219.0 |
       Dungeon |    219 |    219 |      0 |      0 |    156 |   1 |  219.0 |
               +--------+--------+--------+--------+--------+-----+--------+

Top non-repeatable levels by time:
     D:1: 219 daAuts
